 Dungeon Crawl Stone Soup version 0.30-a0-847-g17996783a1 (webtiles) character file.

Game seed: 12075132940154282272

346 jasper the Trooper (level 6, 0/75 HPs)
             Began as a Demonspawn Air Elementalist on Mar 3, 2023.
             Slain by an orc
             ... wielding a +0 morningstar
              (9 damage)
             ... on level 4 of the Dungeon.
             The game lasted 00:04:39 (2671 turns).

jasper the Trooper (Demonspawn Air Elementalist)    Turns: 2671, Time: 00:04:40

Health: 0/75       AC:  4    Str:  8    XL:     6   Next: 32%
Magic:  4/9        EV: 12    Int: 18    God:
Gold:   70         SH:  0    Dex: 14    Spells: 8/9 levels left

rFire   . . .      SeeInvis .      - Unarmed
rCold   + . .      Faith    .    (no shield)
rNeg    . . .      Spirit   .    a - +0 robe
rPois   .          Reflect  .    (helmet restricted)
rElec   .          Rampage  .    i - +0 cloak
rCorr   .                        (no gloves)
Will    .....                    q - +0 pair of boots Stlth
                                 (no amulet)
HPRegen 0.32/turn                h - ring of protection from cold
MPRegen 0.11/turn                (no ring)

@: berserking (expiring), very quick
A: antennae 1, demonic touch 1
a: no special abilities


You were on level 4 of the Dungeon.
You visited 1 branch of the dungeon, and saw 4 of its levels.

You collected 70 gold pieces.

Inventory:

Missiles
 l - 4 javelins
 n - 2 throwing nets
Armour
 a - a +0 robe (worn)
 i - a +0 cloak (worn)
 m - a +0 ring mail
 o - an orb of mayhem
 q - a +0 pair of boots (worn)
Jewellery
 h - a ring of protection from cold (left hand)
Scrolls
 c - a scroll of teleportation
 d - a scroll of amnesia
Potions
 b - a potion of brilliance
 g - a potion of cancellation
 j - 4 potions of curing
 k - 2 potions of might {unknown}
 p - a potion of degeneration {unknown}


   Skills:
 * Level 4.8 Fighting
 - Level 1.7 Dodging
 - Level 1.7 Stealth
 + Level 2.9 Unarmed Combat
 - Level 2.2 Spellcasting
 - Level 1.3 Conjurations
 - Level 2.9 Air Magic


You had 8 spell levels left.
You knew the following spells:

 Your Spells              Type           Power      Damage    Failure   Level
a - Shock                 Conj/Air       36%        1d5       8%          1

Your spell library contained the following spells:

 Spells                   Type           Power      Damage    Failure   Level
 Static Discharge         Conj/Air       18%        2-3/arc   11%         2
 Swiftness                Air            12%        N/A       16%         3
 Vhi's Electric Charge    Tloc/Air       14%        N/A       28%         3
 Kindle Blastsparks       Fire/Tloc/Air  10%        2d10      34%         3
 Dazzling Flash           Conj/Hex       8%         N/A       38%         3
 Airstrike                Air            6%         2d(1-17)  47%         4
 Fulminant Prism          Conj/Hex       2%         3d5       80%         4
 Iskenderun's Mystic Bla  Conj/Tloc      4%         2d3       80%         4
 Arcjolt                  Conj/Air       4%         1d14      90%         5
 Silence                  Hex/Air        3%         N/A       95%         5
 Agony                    Necr           1%         N/A       99%         5
 Lee's Rapid Deconstruct  Erth           0%         3d4*      99%         5
 Maxwell's Capacitive Co  Air            6%         ∞         100%        8


Dungeon Overview and Level Annotations

Branches:
Dungeon (4/15)
 Temple: D:4-7

Altars:


Innate Abilities, Weirdness & Mutations

You have a pair of small antennae on your head.
Your touch may inflict minor irresistible damage on your foes.


Message History

The orc wizard hits you with a +0 dagger.
* * * LOW HITPOINT WARNING * * *
An orc comes into view. It is wielding a +0 whip.
You take 2 damage, and have 14/73 hp.
You hit the orc wizard.
The orc wizard is heavily wounded.
The orc wizard gestures at you while chanting.
You resist with some effort.
You barely miss the orc wizard.
The orc wizard is heavily wounded.
The hound bites you but does no damage.
You punch the orc wizard!
You kill the orc wizard!
The hound bites you.
* * * LOW HITPOINT WARNING * * *
You take 2 damage, and have 12/73 hp.
You hit the hound.
You touch the hound.
The hound is heavily wounded.
The hound bites you.
* * * LOW HITPOINT WARNING * * *
The orc closely misses you.
You take 3 damage, and have 9/73 hp.
You punch the hound!
You kill the hound!
A scorpion comes into view.
You closely miss the orc. The orc closely misses you.
You barely miss the orc. You barely miss the orc.
You touch the orc!
You kill the orc!
The orc hits you but does no damage.
You closely miss the orc. You punch the orc.
The orc is almost dead.
You hit the orc.
You kill the orc!
The orc hits you with a +0 morningstar.
* * * LOW HITPOINT WARNING * * *
You take 1 damage, and have 9/75 hp.
You completely miss the scorpion. The scorpion barely misses you.
The orc hits you with a +0 morningstar!
You die...

o.........#....
.#.......##....
.#......#.....#
....###.......#
#....##..######
##.#...).# #....#.##
........#.s†##
......#..#@.#
.#.........o.# ..#
..............
.....##....†.....##..^
...#..<.....#.#######.#
.........##.......# #
.........##.#
..........#.####
...............##


You could see a scorpion and an orc.

Vanquished Creatures
  Blork the orc (D:4)
  A scorpion (D:4)
  2 hounds (D:4)
  An orc wizard (D:4)
  Ijyb (D:4)
  Natasha (D:4)
  An adder (D:2)
  5 orcs
  6 bats
  7 endoplasms
  5 giant cockroaches
  4 goblins
  10 hobgoblins
  2 jackals (D:4)
  2 kobolds
  2 quokkas
  7 ball pythons
  2 frilled lizards (D:1)
  8 rats
68 creatures vanquished.

Notes
Turn   | Place    | Note
-------+----------+-------------------------------------------
     0 | D:1      | jasper the Demonspawn Air Elementalist began the quest for
                  | the Orb.
     0 | D:1      | Reached XP level 1. HP: 13/13 MP: 3/3
   315 | D:1      | Discovered your monstrous ancestry.
   315 | D:1      | Gained mutation: Your touch may inflict minor irresistible
                  | damage on your foes. [demonic ancestry]
   315 | D:1      | Reached XP level 2. HP: 19/19 MP: 3/5
   552 | D:1      | Reached skill level 1 in Fighting
   896 | D:1      | Gained mutation: You have a pair of small antennae on your
                  | head. [demonic ancestry]
   896 | D:1      | Reached XP level 3. HP: 24/26 MP: 1/6
  1418 | D:2      | Reached skill level 2 in Fighting
  1418 | D:2      | Reached skill level 1 in Unarmed Combat
  2241 | D:3      | Reached XP level 4. HP: 34/34 MP: 3/7
  2394 | D:4      | Noticed Natasha
  2399 | D:4      | Killed Natasha
  2441 | D:4      | Noticed Blork the orc
  2456 | D:4      | Killed Blork the orc
  2457 | D:4      | Reached skill level 3 in Fighting
  2457 | D:4      | Reached XP level 5. HP: 12/41 MP: 5/8
  2555 | D:4      | Reached skill level 4 in Fighting
  2647 | D:4      | Noticed Ijyb
  2658 | D:4      | Killed Ijyb
  2659 | D:4      | Reached XP level 6. HP: 16/49 MP: 3/9
  2671 | D:4      | Slain by an orc

Illustrated notes

Levels and vault maps discovered:
D:1:      minmay_arrival_stone_box, layout_basic, st_stairs_11
D:2:      layout_loops_cross
D:3:      layout_basic, jmf_multi_god_temple2, mainiacjoe_overflow_chevrons
D:4:      layout_rooms, lemuel_round_altar, minmay_temple_entry_junction,
          serial_shops, kennysheep_mini_moat, uniq_ijyb, uniq_blork_the_orc,
          uniq_natasha

Skill      XL: |  1  2  3  4  5 |
---------------+----------------+-----
Fighting       | 1 2 3 4 |  4.8
Unarmed Combat | 1 2 |  2.9
Dodging        | |  1.7
Stealth        | |  1.7
Spellcasting   | |  2.2
Conjurations   | |  1.3
Air Magic      | |  2.9

Action                     |  1- 3 |  4- 6 || total
---------------------------+-------+-------++-------
  Melee: Unarmed           |    51 |    36 ||    87
         Touch             |     8 |     8 ||    16
         Punch             |       |     1 ||     1
   Cast: Shock             |    92 |    25 ||   117
    Use: Potion            |       |     4 ||     4
         Scroll            |       |     5 ||     5
   Stab: Sleeping          |       |     1 ||     1
 Armour: Robe              |    15 |     7 ||    22
  Dodge: Dodged            |    50 |    18 ||    68

Table legend: (Time is in decaauts)
 A = Elapsed time spent in this place.
 B = Non-inter-level travel time spent in this place.
 C = Inter-level travel time spent in this place.
 D = Time resting spent in this place.
 E = Time spent auto-exploring this place.
 F = Levels seen in this place.
 G = Mean time per level.
                   A        B        C        D        E       F      G
               +--------+--------+--------+--------+--------+-----+--------+
         Total |   2664 |   2558 |    106 |    156 |   1965 |   4 |  666.0 |
       Dungeon |   2664 |   2558 |    106 |    156 |   1965 |   4 |  666.0 |
               +--------+--------+--------+--------+--------+-----+--------+

Top non-repeatable levels by time:
     D:1: 1176 daAuts
     D:2: 958 daAuts
     D:4: 270 daAuts
     D:3: 258 daAuts
